 Dungeon Crawl Stone Soup version 0.22-a0-779-g6f83d72c62 (webtiles) character file.

5254 Mirvelgyr the Cleaver (level 10, -8/136 HPs)
             Began as a Minotaur Berserker on July 19, 2018.
             Was a High Priest of Trog.
             Mangled by a wolf spider (12 damage)
             ... on level 8 of the Dungeon.
             The game lasted 00:10:30 (7272 turns).

Mirvelgyr the Cleaver (Minotaur Berserker)          Turns: 7272, Time: 00:10:31

Health: -8/136     AC: 11    Str: 31    XL:     10   Next: 36%
Magic:  0/9        EV: 12    Int:  4    God:    Trog [*****.]
Gold:   539        SH:  0    Dex:  9    Spells: 9/9 levels left

rFire    . . .     SeeInvis .   k - +4 battleaxe
rCold    . . .     Gourm    .   (shield currently unavailable)
rNeg     . . .     Faith    .   A - +0 chain mail
rPois    .         Spirit   +   (helmet restricted)
rElec    .         Reflect  .   (no cloak)
rCorr    .         Harm     .   (no gloves)
MR       .....                  (no boots)
Stlth    ..........             B - amulet of guardian spirit
HPRegen  0.32/turn              (no ring)
MPRegen  0.11/turn              (no ring)

@: berserking, lethally poisoned (-8 -> -23), very quick
A: retaliatory headbutt, horns 2
a: Berserk, Trog's Hand, Brothers in Arms, Renounce Religion


You were on level 8 of the Dungeon.
You worshipped Trog.
Trog was extremely pleased with you.
You were hungry.

You visited 1 branch of the dungeon, and saw 10 of its levels.
You also visited: Sewer.

You collected 539 gold pieces.

Inventory:

Hand Weapons
 k - a +4 battleaxe (weapon)
Armour
 A - a +0 chain mail (worn)
Jewellery
 B - an amulet of guardian spirit (around neck)
Wands
 a - a wand of paralysis (10)
 o - a wand of flame (35)
 z - a wand of digging (14)
Scrolls
 b - 4 scrolls of enchant weapon
 d - 2 scrolls of immolation
 e - 2 scrolls of teleportation
 f - a scroll of magic mapping
 g - 10 scrolls of remove curse
 h - a scroll of enchant armour
 l - 2 scrolls of blinking
 y - 3 scrolls of fog
 F - a scroll of fear
Potions
 i - 2 potions of might
 j - a potion of degeneration {unknown}
 m - 4 potions of mutation
 n - a potion of haste {unknown}
 p - a potion of resistance {unknown}
 q - 3 potions of lignification {unknown}
 r - a potion of berserk rage {unknown}
 s - 2 potions of brilliance {unknown}
 t - 4 potions of curing
 u - a potion of cancellation {unknown}
 v - 2 potions of invisibility {unknown}
 w - 4 potions of flight
 C - a potion of heal wounds {unknown}
Comestibles
 c - 11 rations
 x - 3 chunks of flesh


   Skills:
 + Level 9.0 Fighting
 * Level 12.0 Axes
 + Level 8.7 Armour
 + Level 7.9 Dodging


You had 9 spell levels left.
You didn't know any spells.
Your spell library was empty.

Dungeon Overview and Level Annotations

Branches:
Dungeon (10/15)            Temple (0/1) D:6
   Lair: D:8-11         Orc: D:9-12

Altars:
Ashenzari
Dithmenos
Elyvilon
Fedhas
Okawaru
Qazlal
Ru
Trog
Zin
The Shining One

Shops:
D:8 (


Innate Abilities, Weirdness & Mutations

You reflexively headbutt those who attack you in melee.
You have a pair of horns on your head.


Message History

You feel very sick. The wolf spider closely misses you.
The wolf spider bites you but does no damage.
You barely miss the wolf spider.
The wolf spider is heavily wounded.
* * * LOW HITPOINT WARNING * * *
You feel sick. The wolf spider closely misses you. You furiously retaliate!
You headbutt the wolf spider!
The wolf spider bites you but does no damage.
Your chain mail prevents you from hitting the wolf spider.
The wolf spider is severely wounded.
* * * LOW HITPOINT WARNING * * *
You feel sick.
The wolf spider hits you but does no damage.
The wolf spider completely misses you.
You closely miss the wolf spider. Your headbutt misses the wolf spider.
The wolf spider is severely wounded.
* * * LOW HITPOINT WARNING * * *
You feel sick. The wolf spider hits you!
You die...

#.# #.# #.# #.#
###########.##
##...##.......##
#.....#..#.....#####
#.......###.@†......
#.....#..#..s.......
##...##.#.##.##(..##
##.###.####.# .##
#.# #.. ..# # #.#
### ... #####.# ...
#.....# .....
###.#...####...


You could see a wolf spider.

Vanquished Creatures
  A two-headed ogre (D:5)
  The ghost of Oakleaf the Chopper, a novice MiBe of Trog (D:5)
  A yaktaur (D:8)
  A troll (D:9)
  Grinder (D:3)
  A wyvern (D:9)
  A human (D:10)
  Menkaure (D:7)
  2 ice beasts (D:5)
  3 phantoms
  6 ogres
  3 centaurs
  A big kobold (Sewer)
  2 bullfrogs (D:6)
  A wyvern skeleton (D:7)
  A water moccasin skeleton (D:8)
  2 scorpions (D:6)
  8 wights (D:8)
  3 howler monkeys (D:7)
  3 bullfrog zombies
  A centaur zombie (D:5)
  A quasit (D:5)
  A bullfrog skeleton (D:7)
  5 orc priests
  2 hounds
  4 orc wizards
  Ijyb (D:4)
  An iguana (D:5)
  11 worker ants
  3 hound skeletons
  Robin (D:2)
  A river rat (Sewer)
  15 adders
  3 shadow imps
  2 oozes
  An adder skeleton (D:6)
  2 worms
  2 dart slugs
  3 leopard geckos
  23 orcs
  A ball python (D:4)
  10 bats
  4 giant cockroaches
  16 goblins
  11 hobgoblins
  6 jackals
  6 quokkas
  3 frilled lizards
  17 kobolds
  12 rats
212 creatures vanquished.

Notes
Turn   | Place    | Note
-------+----------+-------------------------------------------
     0 | D:1      | Mirvelgyr the Minotaur Berserker began the quest for the Orb.
     0 | D:1      | Reached XP level 1. HP: 19/19 MP: 0/0
    75 | D:1      | Reached XP level 2. HP: 25/27 MP: 1/1
    78 | D:1      | Reached skill level 4 in Axes
   488 | D:1      | Reached ** piety under Trog
   800 | D:1      | Reached XP level 3. HP: 33/33 MP: 2/2
   994 | D:2      | Reached XP level 4. HP: 34/40 MP: 3/3
  1213 | D:2      | Noticed an angel
  1215 | D:2      | Found a glowing silver altar of Zin.
  1257 | D:2      | Reached skill level 5 in Axes
  1351 | D:2      | Noticed Robin
  1360 | D:2      | Killed Robin
  1657 | D:3      | Noticed Grinder
  1674 | D:3      | Killed Grinder
  1674 | D:3      | Reached skill level 6 in Axes
  1674 | D:3      | Reached XP level 5. HP: 22/47 MP: 4/4
  1674 | D:3      | Reached XP level 6. HP: 26/55 MP: 5/5
  1853 | D:3      | Reached skill level 5 in Fighting
  1946 | D:3      | Reached *** piety under Trog
  2474 | D:4      | Found a blossoming altar of Fedhas.
  2484 | D:4      | Found a stormy altar of Qazlal.
  2485 | D:4      | Found a sacrificial altar of Ru.
  2487 | D:4      | Found a glowing golden altar of the Shining One.
  2488 | D:4      | Found a bloodstained altar of Trog.
  2524 | D:4      | Noticed Ijyb
  2533 | D:4      | Killed Ijyb
  2533 | D:4      | Reached XP level 7. HP: 61/61 MP: 6/6
  2650 | D:4      | Reached skill level 7 in Axes
  3171 | D:4      | Reached skill level 5 in Armour
  3368 | D:4      | Found a white marble altar of Elyvilon.
  3614 | D:5      | Entered Level 5 of the Dungeon
  3772 | D:5      | Found a glowing drain.
  3804 | Sewer    | Entered a sewer
  3881 | Sewer    | Reached skill level 5 in Dodging
  3881 | Sewer    | Reached XP level 8. HP: 48/70 MP: 7/7
  4081 | Sewer    | Found a white marble altar of Elyvilon.
  4172 | D:5      | Reached skill level 8 in Axes
  4211 | D:5      | Found a runed door.
  4215 | D:5      | Noticed Oakleaf's ghost (novice MiBe)
  4295 | D:5      | Killed Oakleaf's ghost
  4449 | D:5      | Noticed a two-headed ogre
  4465 | D:5      | Killed a two-headed ogre
  4465 | D:5      | Reached skill level 9 in Axes
  4465 | D:5      | Reached XP level 9. HP: 36/79 MP: 8/8
  4766 | D:5      | Reached **** piety under Trog
  4915 | D:6      | Reached skill level 10 in Axes
  4992 | D:6      | Found a staircase to the Ecumenical Temple.
  5006 | D:6      | Found a shattered altar of Ashenzari.
  5464 | D:6      | Found an iron altar of Okawaru.
  5563 | D:7      | Noticed Menkaure
  5572 | D:7      | Killed Menkaure
  5956 | D:7      | Reached skill level 11 in Axes
  6297 | D:7      | You fall through a shaft for 3 floors!
  6297 | D:10     | Entered Level 10 of the Dungeon
  6379 | D:9      | Reached ***** piety under Trog
  6425 | D:9      | Noticed a troll
  6432 | D:9      | Killed a troll
  6432 | D:9      | Reached XP level 10. HP: 82/90 MP: 7/9
  6645 | D:8      | Found a shadowy altar of Dithmenos.
  6722 | D:8      | Found Asecatin's Antique Weapon Boutique.
  7211 | D:8      | Reached skill level 12 in Axes
  7262 | D:8      | Noticed a wolf spider
  7270 | D:8      | HP: 6/136 [poisoned by a wolf spider]
  7272 | D:8      | Mangled by a wolf spider

Vault maps used:
D:1:      doesnt_arrival_eight_statues, serial_curves, eino_curves_02,
          eino_curves_02, st_stairs_9, serial_bayou_lake_a
D:2:      zin_angel, uniq_robin
D:3:      serial_forest, infiniplex_forest_straight_3,
          infiniplex_forest_clump_C, infiniplex_forest_lined_2,
          infiniplex_forest_corner_1, infiniplex_forest_clump_tiny,
          infiniplex_forest_straight_4, infiniplex_forest_lined_room_3,
          infiniplex_forest_clump_double, uniq_grinder
D:4:      minitemple, nicolae_overflow_crystal_walls, skrybe_limestone_x,
          uniq_ijyb
D:5:      gup_sewer_entry_glass, first_ration, ebering_ghost_sewer_d
D:6:      lemuel_crystal_altar, kennysheep_okawaru_gauntlet,
          minmay_temple_entry_large_hall
D:7:      uniq_menkaure
D:8:      nemelex_xobeh_ov_fountains_minmay, lemuel_doored_altar,
          nicolae_dithmenos_through_a_glass_darkly, serial_shops, shop,
          jmf_multi_god_temple
D:9:      lemuel_round_altar
D:10:     basic_altar, grunt_pizzeria
Sewer:    sewer_kobolds

Skill      XL: |  1  2  3  4  5  6  7  8  9 10 |
---------------+-------------------------------+-----
Axes           | 4 6 7 9 11 12 | 12.0
Fighting       | 4 5 6 7 8 9 |  9.0
Armour         | 3 4 5 6 8 |  8.7
Dodging        | 3 4 5 6 7 |  7.9

Action                   |  1- 3 |  4- 6 |  7- 9 | 10-12 || total
-------------------------+-------+-------+-------+-------++-------
Melee: Hand axe          |    76 |   104 |   242 |       ||   422
       Headbutt          |     8 |    21 |    55 |     8 ||    92
       War axe           |       |       |   111 |    64 ||   175
       Battleaxe         |       |       |       |    12 ||    12
Invok: Berserk           |       |     2 |     4 |     3 ||     9
       Trog's Hand       |       |     2 |     2 |     1 ||     5
  Use: Scroll            |       |       |    14 |       ||    14
  Eat: Chunk             |       |     6 |    16 |     5 ||    27
       Ration            |       |       |     1 |       ||     1
Armor: Animal skin       |     5 |       |       |       ||     5
       Ring mail         |    26 |    25 |       |       ||    51
       Chain mail        |       |       |   168 |    24 ||   192
Dodge: Dodged            |    45 |    59 |   176 |    43 ||   323

Table legend:
 A = Spawn XP
 B = Non-spawn XP
 C = Spawn XP percentage of total XP
 D = Spawn monster count
 E = Non-spawn monster count
 F = Spawn count percentage of total count
 G = Total turns spent on level
                    A         B        C        D         E        F      G
               +---------+---------+-------+---------+---------+-------+---------
         Total |       0 |    7507 |   0.0 |       0 |     212 |   0.0 |  7272
               +---------+---------+-------+---------+---------+-------+---------
           D:1 |       0 |      45 |   0.0 |       0 |      26 |   0.0 |   957
           D:2 |       0 |     142 |   0.0 |       0 |      33 |   0.0 |   638
           D:3 |       0 |     391 |   0.0 |       0 |      22 |   0.0 |   794
           D:4 |       0 |     492 |   0.0 |       0 |      21 |   0.0 |  1225
           D:5 |       0 |    1990 |   0.0 |       0 |      22 |   0.0 |   969
           D:6 |       0 |    1000 |   0.0 |       0 |      22 |   0.0 |   598
           D:7 |       0 |     792 |   0.0 |       0 |      25 |   0.0 |   908
           D:8 |       0 |    1680 |   0.0 |       0 |      24 |   0.0 |   686
           D:9 |       0 |     644 |   0.0 |       0 |       3 |   0.0 |   135
          D:10 |       0 |     199 |   0.0 |       0 |       2 |   0.0 |    41
         Sewer |       0 |     132 |   0.0 |       0 |      12 |   0.0 |   321
               +---------+---------+-------+---------+---------+-------+---------
